 Dungeon Crawl Stone Soup version 0.21.1-1-g345015f (webtiles) character file.

529 teukkam the Caller (level 7, 0/56 HPs)
             Began as a Gnoll Wanderer on Feb 14, 2018.
             Was a Follower of Ru.
             Killed by nerve-wracking pain
             ... invoked by an orc priest
              (7 damage)
             ... on level 7 of the Dungeon.
             The game lasted 00:26:03 (6035 turns).

teukkam the Caller (Gnoll Wanderer)                 Turns: 6035, Time: 00:26:04

Health: 0/56       AC:  5    Str: 16    XL:     7   Next: 24%
Magic:  15/15      EV: 12    Int: 16    God:    Ru [*.....]
Gold:   258        SH:  0    Dex: 13    Spells: 12/17 levels left

rFire    . . .     SeeInvis .   a - +0 short sword
rCold    . . .     Gourm    .   (no shield)
rNeg     + . .     Faith    .   s - +0 leather armour
rPois    .         Spirit   .   y - +0 helmet
rElec    .         Reflect  .   t - +0 cloak
rCorr    .         Harm     .   (no gloves)
MR       .....                  (no boots)
Stlth    ++........             (no amulet)
HPRegen  0.18/turn              g - ring of positive energy
MPRegen  0.14/turn              (no ring)

@: flying, very slightly contaminated
A: distributed training, fangs 1, inability to train armour, strong nose
a: Renounce Religion


You were on level 7 of the Dungeon.
You worshipped Ru.
Ru was aware of your devotion.
You were not hungry.

You visited 1 branch of the dungeon, and saw 7 of its levels.

You collected 258 gold pieces.

Inventory:

Hand Weapons
 a - a +0 short sword (weapon)
 c - a +0 mace
Missiles
 q - 6 poisoned needles
Armour
 s - a +0 leather armour (worn)
 t - a +0 cloak (worn)
 y - a +0 helmet (worn)
Jewellery
 g - a ring of positive energy (left hand)
 w - an uncursed ring of fire {unknown}
Wands
 A - a wand of iceblast (7)
Scrolls
 d - 3 scrolls of identify
 h - a scroll of immolation {unknown}
 j - a scroll of fear
 k - a scroll of remove curse
 l - 3 scrolls of teleportation {unknown}
 n - 7 scrolls of random uselessness {unknown}
 o - 2 scrolls of fog {unknown}
 r - a scroll of enchant weapon {unknown}
 u - a scroll of amnesia {unknown}
 C - a scroll of blinking {unknown}
Potions
 i - a potion of cancellation {unknown}
 m - 3 potions of lignification
 p - 2 potions of curing
 x - a potion of flight
 z - 2 potions of mutation {unknown}
 D - 2 potions of brilliance {unknown}
Books
 b - the Guide on Orientation

   Spells                             Type                      Level
   a - Apportation                    Translocation                1
   b - Recall                         Summoning/Translocation      3
 e - a book of Minor Magic

   Spells                             Type                      Level
   a - Magic Dart                     Conjuration                  1
   b - Blink                          Translocation                2
   c - Call Imp                       Summoning                    2
   d - Slow                           Hexes                        2
   e - Conjure Flame                  Conjuration/Fire             3
   f - Mephitic Cloud                 Conjuration/Poison/Air       3
Comestibles
 f - 2 rations


   Skills:
 + Level 5.1 Fighting
 + Level 2.3 Short Blades
 + Level 2.3 Long Blades
 + Level 2.3 Axes
 + Level 3.5 Maces & Flails
 + Level 2.3 Polearms
 + Level 2.3 Staves
 + Level 2.3 Slings
 + Level 2.3 Bows
 + Level 2.3 Crossbows
 + Level 2.3 Throwing
   Level 0.0 Armour
 + Level 2.3 Dodging
 + Level 2.3 Stealth
 + Level 3.5 Shields
 + Level 2.3 Unarmed Combat
 + Level 5.5 Spellcasting
 + Level 1.8 Conjurations
 + Level 1.8 Hexes
 + Level 1.8 Charms
 + Level 5.8 Summonings
 + Level 1.8 Necromancy
 + Level 1.8 Translocations
 + Level 1.8 Transmutations
 + Level 1.8 Fire Magic
 + Level 1.8 Ice Magic
 + Level 1.8 Air Magic
 + Level 1.8 Earth Magic
 + Level 1.8 Poison Magic
 + Level 2.5 Invocations
 + Level 3.5 Evocations


You had 12 spell levels left.
You knew the following spells:

 Your Spells              Type           Power        Failure   Level  Hunger
a - Magic Dart            Conj           ##..         9%          1    None
b - Call Imp              Summ           ###.....     2%          2    #......
c - Blink                 Tloc           N/A          12%         2    #......


Dungeon Overview and Level Annotations

Branches:
Dungeon (7/15)
 Temple: D:4-7

Altars:
Fedhas
Hepliaklqana
Kikubaaqudgha
Ru
Xom
Yredelemnul
Zin

Shops:
D:7 *:

Annotations:
D:2 exclusion: oklob plant


Innate Abilities, Weirdness & Mutations

Your experience applies equally to all skills.
You have very sharp teeth.
You cannot train Armour skill.
Your uncanny sense of smell can sniff out nearby items.


Message History

You hit the orc wizard.
You bite the orc wizard, but do no damage.
The orc wizard is almost dead.
The orc wizard hits you but does no damage.
Your crimson imp hits the orc priest but does no damage.
The orc priest calls upon Beogh to heal the orc wizard.
The orc wizard is healed somewhat.
Your crimson imp misses the orc wizard.
You hit the orc priest but do no damage.
Your bite misses the orc priest.
The orc wizard hits you but does no damage.
Your crimson imp hits the orc priest but does no damage.
The orc wizard hits you but does no damage.
The orc priest hits your crimson imp.
Your crimson imp completely misses the orc wizard.
You hit the orc priest but do no damage.
The orc wizard looks braver for a moment.
Your crimson imp hits the orc priest.
The orc priest calls down the wrath of Beogh upon you.
Pain shoots through your body!
You die...

...........### ##..#∩.......#
#.##.#####..^#####...........#
.....# ###.........#########
..#### #..#####o...#### ###
#######..............#
#...)((.######.......#
######### #.......#
#####.####### #.@o{)....#
#.5o......# #..5.>....#
#..5.)....# #.>.......#
#.........# #.........#
###########


You could see an orc priest, an orc wizard and 3 friendly crimson imps.

Vanquished Creatures
  A centaur (D:7)
  An ogre (D:7)
  A centaur zombie (D:5)
  A hound (D:4)
  A centaur skeleton (D:4)
  Robin (D:3)
  4 adders
  An ooze (D:1)
  An adder skeleton (D:5)
  A worm (D:2)
  3 dart slugs (D:1)
  2 leopard geckos (D:1)
  2 orcs
  A ball python (D:3)
  5 giant cockroaches
  5 hobgoblins
  8 jackals
  8 kobolds
  6 bats
  2 frilled lizards
  6 goblins
  6 rats
67 creatures vanquished.

Vanquished Creatures (collateral kills)
  A centaur (D:5)
  A scorpion (D:5)
  A jelly (D:7)
  3 worker ants
  2 adders
  A dart slug (D:2)
  A leopard gecko (D:4)
  An orc (D:3)
  2 bats (D:3)
  7 goblins
  7 hobgoblins
  3 jackals
  2 frilled lizards
  4 kobolds
  A rat (D:1)
37 creatures vanquished.

Vanquished Creatures (others)
  5 dream sheep (D:4)
5 creatures vanquished.

Grand Total: 109 creatures vanquished

Notes
Turn   | Place    | Note
-------+----------+-------------------------------------------
     0 | D:1      | teukkam the Gnoll Wanderer began the quest for the Orb.
     0 | D:1      | teukkam set off with: a book of Minor Magic, the Guide on Orientation, a +0 mace, a +0 robe, a ration
     0 | D:1      | Reached XP level 1. HP: 20/20 MP: 6/6
     0 | D:1      | Identified the Guide on Orientation
     4 | D:1      | Learned a level 1 spell: Magic Dart
    37 | D:1      | HP: 1/20 [dart slug/slug dart (6)]
   380 | D:1      | Reached XP level 2. HP: 7/26 MP: 3/7
   384 | D:1      | Learned a level 2 spell: Call Imp
   794 | D:1      | Reached XP level 3. HP: 22/31 MP: 6/9
   837 | D:1      | Reached skill level 5 in Spellcasting
  1331 | D:2      | Reached skill level 1 in Invocations
  1424 | D:2      | Reached skill level 1 in Short Blades
  1424 | D:2      | Reached skill level 1 in Long Blades
  1424 | D:2      | Reached skill level 1 in Axes
  1424 | D:2      | Reached skill level 1 in Polearms
  1424 | D:2      | Reached skill level 1 in Staves
  1424 | D:2      | Reached skill level 1 in Slings
  1424 | D:2      | Reached skill level 1 in Bows
  1424 | D:2      | Reached skill level 1 in Crossbows
  1424 | D:2      | Reached skill level 1 in Throwing
  1424 | D:2      | Reached skill level 1 in Armour
  1424 | D:2      | Reached skill level 1 in Dodging
  1424 | D:2      | Reached skill level 1 in Stealth
  1424 | D:2      | Reached skill level 1 in Unarmed Combat
  1424 | D:2      | Reached XP level 4. HP: 20/38 MP: 7/11
  1538 | D:2      | Found a basalt altar of Yredelemnul.
  1986 | D:2      | Found a blossoming altar of Fedhas.
  1997 | D:2      | Noticed an oklob plant
  2365 | D:3      | Reached skill level 1 in Conjurations
  2365 | D:3      | Reached skill level 1 in Hexes
  2365 | D:3      | Reached skill level 1 in Charms
  2365 | D:3      | Reached skill level 1 in Necromancy
  2365 | D:3      | Reached skill level 1 in Translocations
  2365 | D:3      | Reached skill level 1 in Transmutations
  2365 | D:3      | Reached skill level 1 in Fire Magic
  2365 | D:3      | Reached skill level 1 in Ice Magic
  2365 | D:3      | Reached skill level 1 in Air Magic
  2365 | D:3      | Reached skill level 1 in Earth Magic
  2365 | D:3      | Reached skill level 1 in Poison Magic
  2417 | D:3      | Found a sacrificial altar of Ru.
  2419 | D:3      | Noticed Robin
  2446 | D:3      | Killed Robin
  2446 | D:3      | Reached XP level 5. HP: 14/43 MP: 6/12
  2449 | D:3      | Became a worshipper of Ru the Awakened
  2484 | D:3      | Learned a level 2 spell: Blink
  2665 | D:4      | Found an ancient bone altar of Kikubaaqudgha.
  3594 | D:3      | Found a glowing silver altar of Zin.
  3726 | D:4      | Found a hazy altar of Hepliaklqana.
  4135 | D:4      | Found a shimmering altar of Xom.
  4135 | D:4      | Noticed a dream sheep
  4135 | D:4      | Noticed a dream sheep
  4135 | D:4      | Noticed a dream sheep
  4135 | D:4      | Noticed a dream sheep
  4135 | D:4      | Noticed a dream sheep
  4139 | D:4      | Killed a dream sheep
  4139 | D:4      | Killed a dream sheep
  4139 | D:4      | Killed a dream sheep
  4139 | D:4      | Killed a dream sheep
  4139 | D:4      | Killed a dream sheep
  4384 | D:5      | Entered Level 5 of the Dungeon
  4439 | D:5      | Reached XP level 6. HP: 50/50 MP: 2/13
  4710 | D:5      | HP: 2/50 [centaur (9)]
  4731 | D:5      | Reached skill level 5 in Fighting
  4993 | D:5      | Gained mutation: You cannot train Armour skill. [Ru sacrifice]
  4993 | D:5      | Reached * piety under Ru
  5028 | D:5      | You fall through a shaft!
  5525 | D:7      | Found Juangie's General Store.
  5641 | D:7      | Reached XP level 7. HP: 40/56 MP: 9/15
  5729 | D:7      | Found Mihido Nipp's Book Shop.
  6035 | D:7      | Killed from afar by an orc priest

Skill      XL: |  1  2  3  4  5  6 |
---------------+-------------------+-----
Spellcasting   | 5 |  5.5
Invocations    | 1 2 |  2.5
Short Blades   | 1 2 |  2.3
Long Blades    | 1 2 |  2.3
Axes           | 1 2 |  2.3
Polearms       | 1 2 |  2.3
Staves         | 1 2 |  2.3
Slings         | 1 2 |  2.3
Bows           | 1 2 |  2.3
Crossbows      | 1 2 |  2.3
Throwing       | 1 2 |  2.3
Armour         | 1 0 |  0.0
Dodging        | 1 2 |  2.3
Stealth        | 1 2 |  2.3
Unarmed Combat | 1 2 |  2.3
Conjurations   | 1 |  1.8
Hexes          | 1 |  1.8
Charms         | 1 |  1.8
Necromancy     | 1 |  1.8
Translocations | 1 |  1.8
Transmutations | 1 |  1.8
Fire Magic     | 1 |  1.8
Ice Magic      | 1 |  1.8
Air Magic      | 1 |  1.8
Earth Magic    | 1 |  1.8
Poison Magic   | 1 |  1.8
Maces & Flails | 3 |  3.5
Shields        | 3 |  3.5
Evocations     | 3 |  3.5
Fighting       | 5 |  5.1
Summonings     | |  5.8

Action                   |  1- 3 |  4- 6 |  7- 9 || total
-------------------------+-------+-------+-------++-------
Melee: Mace              |    11 |       |       ||    11
       Short sword       |    78 |   205 |    18 ||   301
       Bite              |     6 |    25 |     1 ||    32
       Punch             |       |     2 |       ||     2
 Cast: Magic Dart        |     7 |       |     8 ||    15
       Call Imp          |    12 |    36 |     7 ||    55
       Blink             |       |     4 |     2 ||     6
Invok: Sacrifice Durabil |       |     1 |       ||     1
  Use: Scroll            |       |     3 |       ||     3
       Potion            |       |     4 |     3 ||     7
 Stab: Distracted        |     1 |     2 |       ||     3
       Sleeping          |     1 |     4 |       ||     5
  Eat: Chunk             |     2 |     8 |       ||    10
       Ration            |       |     2 |     1 ||     3
Armor: Robe              |    14 |    19 |       ||    33
       Leather armour    |       |    59 |     6 ||    65
       Skin              |       |    54 |       ||    54
Dodge: Dodged            |    52 |   202 |     9 ||   263
